 Dungeon Crawl Stone Soup version 0.23-a0-619-g281719c6f9 (webtiles) character file.

38 HereIgoKillingAgain the Ducker (level 3, 0/17 HPs)
             Began as a Felid Berserker on Dec 23, 2018.
             Was a Follower of Trog.
             Slain by a jackal (1 damage)
             ... on level 1 of the Dungeon.
             The game lasted 00:00:26 (40 turns).

HereIgoKillingAgain the Ducker (Felid Berserker)      Turns: 40, Time: 00:00:27

Health: 0/17       AC:  1    Str: 13    XL:     3   Next: 25%
Magic:  4/4        EV: 35    Int:  8    God:    Trog [*.....]
Gold:   0          SH:  0    Dex: 16    Spells: 2/2 levels left
                                        Lives:  0   Deaths: 0

rFire    . . .     SeeInvis +     - Unarmed
rCold    . . .     Gourm    .   (shield unavailable)
rNeg     . . .     Faith    .   (armour unavailable)
rPois    .         Spirit   .   (helmet unavailable)
rElec    .         Reflect  .   (cloak unavailable)
rCorr    .         Harm     .   (gloves unavailable)
MR       .....                  (boots unavailable)
Stlth    ++........             d - amulet of the acrobat
HPRegen  0.05/turn              (no ring)
MPRegen  0.09/turn              (no ring)

@: berserk cooldown, slowed, slow
A: very small, no armour, no weapons or thrown items, stealth, claws 1, fangs 3,
see invisible, carnivore, speed 1, shaggy fur 1, slow metabolism 1, sharp paws
a: Berserk, Renounce Religion


You were on level 1 of the Dungeon.
You worshipped Trog.
Trog was aware of your devotion.
You were not hungry.

You visited 1 branch of the dungeon, and saw 1 of its levels.

Inventory:

Jewellery
 d - an amulet of the acrobat (around neck)
Scrolls
 b - a scroll of fog {unknown}
 c - a scroll of identify {unknown}
Comestibles
 a - a ration


   Skills:
 + Level 3.5 Fighting
 + Level 4.6 Dodging
 + Level 3.5 Unarmed Combat


You had 2 spell levels left.
You didn't know any spells.
Your spell library was empty.

Dungeon Overview and Level Annotations

Branches:
Dungeon (1/15)

Altars:


Innate Abilities, Weirdness & Mutations

You cannot wear armour.
You are incapable of wielding weapons or throwing items.
Your paws allow you to move quietly. (Stealth)
You have sharp claws.
You have razor-sharp teeth.
You have supernaturally acute eyesight. (SInv)
You are carnivorous and can eat meat at any time.
You cover ground quickly.
You are covered in fur. (AC +1)
You have a slow metabolism.
Your sharp claws are effective at attacking unaware monsters.


Message History

The giant cockroach misses you.
You barely miss the giant cockroach. The jackal closely misses you.
The giant cockroach closely misses you. The jackal misses you.
The giant cockroach bites you but does no damage.
Unknown command.
You closely miss the jackal. The jackal barely misses you.
The giant cockroach bites you.
* * * LOW HITPOINT WARNING * * *
The jackal bites you.
* * * LOW HITPOINT WARNING * * *
Unknown command.
You aren't carrying any potions.
The giant cockroach closely misses you.
The giant cockroach completely misses you.
The jackal completely misses you. The jackal misses you.
The jackal completely misses you. The giant cockroach closely misses you.
The jackal bites you.
You die...

###+#######+###
#..⌠...>...⌠..#
#......<......#
+@h.Jr###....⌠+
#.s...........#
#######J#######
#.. ..J$......#
#...$..s......#
#........(....#
###############


You could see a jelly, an ooze, a jackal, a giant cockroach and a rat.

Vanquished Creatures
  A jelly (D:1)
  A bat (D:1)
  A giant cockroach (D:1)
  4 jackals (D:1)
  A rat (D:1)
8 creatures vanquished.

Notes
Turn   | Place    | Note
-------+----------+-------------------------------------------
     0 | D:1      | HereIgoKillingAgain the Felid Berserker began the quest for
                  | the Orb.
     0 | D:1      | Reached XP level 1. HP: 10/10 MP: 2/2
     0 | D:1      | Noticed a jelly
     1 | D:1      | Found a runed door.
     1 | D:1      | Noticed a jelly
    21 | D:1      | Killed a jelly
    21 | D:1      | Reached XP level 2. HP: 10/14 MP: 3/3
    21 | D:1      | Reached XP level 3. HP: 12/17 MP: 4/4
    40 | D:1      | Slain by a jackal

Vault maps used:
D:1:      dpeg_arrival_caged_fury

Action                   || total
-------------------------++-------
Melee: Unarmed           ||    23
       Punch             ||     1
Invok: Berserk           ||     1
Armor: Skin              ||     2
Dodge: Dodged            ||    30

Table legend:
 A = Non-vault XP
 B = Vault XP
 C = Vault XP percentage of total XP
 D = Non-vault monster count
 E = Vault monster count
 F = Vault count percentage of total count
                 A         B        C        D         E       F
            +---------+---------+-------+---------+---------+-------
      Total |       2 |      53 |  96.4 |       1 |       7 |  87.5
            +---------+---------+-------+---------+---------+-------
        D:1 |       2 |      53 |  96.4 |       1 |       7 |  87.5
            +---------+---------+-------+---------+---------+-------
